 Dungeon Crawl Stone Soup version 0.25.1-2-g60ff931df9 (webtiles) character file.

Game seed: 16006973608446786456

4252 roke1 the Carver (level 10, -1/69 HPs)
             Began as a Halfling Gladiator on Oct 7, 2020.
             Was a Believer of Dithmenos.
             Slain by a komodo dragon (23 damage)
             ... on level 8 of the Dungeon.
             The game lasted 00:22:36 (9571 turns).

roke1 the Carver (Halfling Gladiator)               Turns: 9571, Time: 00:22:37

Health: -1/69      AC: 11    Str: 18    XL:     10   Next: 56%
Magic:  10/10      EV: 20    Int: 12    God:    Dithmenos [**....]
Gold:   559        SH:  5    Dex: 17    Spells: 9/9 levels left

rFire    . . .     SeeInvis .   a - +0 long sword
rCold    . . .     Gourm    .   (shield restricted)
rNeg     . . .     Faith    .   q - +2 leather armour {MR+}
rPois    .         Spirit   .   c - +0 helmet
rElec    .         Reflect  +   (no cloak)
rCorr    .         Harm     .   (no gloves)
MR       +....                  (no boots)
Stlth    ++........             s - amulet of reflection
HPRegen  0.21/turn              p - +6 ring of intelligence
MPRegen  0.12/turn              v - +4 ring of protection

@: wreathed by umbra
A: small, claws 1, mutation resistance 1
a: Shadow Step, Renounce Religion


You were on level 8 of the Dungeon.
You worshipped Dithmenos.
Dithmenos was pleased with you.
You were hungry.

You visited 2 branches of the dungeon, and saw 9 of its levels.
You also visited: Ossuary.

You collected 559 gold pieces.

Inventory:

Hand Weapons
 a - a +0 long sword (weapon)
 I - a +0 hunting sling
Missiles
 d - 3 throwing nets (quivered)
 A - 53 sling bullets
Armour
 c - a +0 helmet (worn)
 q - a +2 leather armour of magic resistance (worn)
 x - a +0 ring mail
Jewellery
 p - a +6 ring of intelligence (left claw)
 s - an amulet of reflection (around neck)
 v - a +4 ring of protection (right claw)
 B - an uncursed ring of fire
 E - an uncursed amulet of magic regeneration {unknown}
Wands
 g - a wand of iceblast (3)
 r - a wand of flame (17)
 z - a wand of polymorph (5)
Scrolls
 b - 5 scrolls of teleportation
 h - a scroll of fog {unknown}
 j - 2 scrolls of fear {unknown}
 k - 2 scrolls of magic mapping {unknown}
 l - 9 scrolls of identify
 m - 2 scrolls of amnesia {unknown}
 n - 3 scrolls of enchant weapon {unknown}
 t - 3 scrolls of enchant armour
 y - a scroll of immolation {unknown}
 C - 4 scrolls of remove curse
 F - a scroll of noise {unknown}
 G - 2 scrolls of blinking {unknown}
 H - a scroll of acquirement {unknown}
 M - a scroll of brand weapon {unknown}
Potions
 e - 2 potions of berserk rage
 i - a potion of resistance
 o - 3 potions of curing
 u - 2 potions of brilliance
 w - 3 potions of stabbing
 D - 2 potions of might
 J - a potion of lignification {unknown}
 K - a potion of mutation
 N - a potion of flight {unknown}
Comestibles
 f - 16 rations
 L - 6 chunks of flesh


   Skills:
 + Level 6.3 Fighting
 * Level 9.7 Long Blades
 + Level 3.3(3.9) Slings
 - Level 2.0(2.5) Throwing
 - Level 6.4 Armour
 + Level 8.0 Dodging


You had 9 spell levels left.
You didn't know any spells.
Your spell library contained the following spells:

 Spells                   Type           Power        Failure   Level  Hunger
 Magic Dart               Conj           #...         36%         1    ##.....
 Searing Ray              Conj           #.....       50%         2    ###....
 Dazzling Flash           Conj/Hex       #.....       75%         3    ####...
 Fulminant Prism          Conj/Hex       #.........   98%         4    #####..
 Iskenderun's Mystic Bla  Conj/Tloc      #.......     98%         4    #####..


Dungeon Overview and Level Annotations

Branches:
Dungeon (8/15)             Temple (1/1) D:4         Ossuary (visited)
   Lair: D:8-11

Altars:
Ashenzari
Cheibriados
Dithmenos
Elyvilon
Fedhas
Gozag
Hepliaklqana
Kikubaaqudgha
Makhleb
Nemelex Xobeh
Okawaru
Qazlal
Ru
Sif Muna
Trog
Uskayaw
Wu Jian
Xom
Yredelemnul
Zin
The Shining One
Lugonu

Shops:
D:4 *


Innate Abilities, Weirdness & Mutations

You are small and have problems with some larger weapons.
You are somewhat resistant to further mutation.
You have sharp fingernails.


Message History

You block the komodo dragon's attack.
Evoke which item? (* to show all) (? for menu, Esc to quit)
Aiming: Iceblast
Press: ? - help, Shift-Dir - straight line The mass of ice explodes!
The iceblast engulfs the komodo dragon.
The komodo dragon is lightly wounded.
The komodo dragon bites you!!
Evoke which item? (* to show all) (? for menu, Esc to quit)
Aiming: Iceblast
Press: ? - help, Shift-Dir - straight line The mass of ice explodes!
The iceblast engulfs the komodo dragon!
The komodo dragon is moderately wounded.
The komodo dragon bites you!
You slash the komodo dragon!
The komodo dragon is heavily wounded.
The komodo dragon bites you!
You hit the komodo dragon but do no damage.
The komodo dragon is heavily wounded.
The komodo dragon bites you!!
You die...

....###.............(....#
..................#......#
..................##.....#
.#(.....#...........#.####
..................#####
.##.....##........###
.#....###...........#
...#####............###
...# #.........@.....#
..## ##..#....l......# ..#
#####.........## .##
########...#.#### .#
#..........### ##
#.########## #.# #.# #.#


You could see a komodo dragon.

Vanquished Creatures
  Joseph (D:7)
  Prince Ribbit (D:5)
  A wyvern (D:8)
  Edmund (D:5)
  Duvessa (D:6)
  2 orc warriors
  A sky beast (D:6)
  2 eyes of draining (D:4)
  4 ogres
  A necrophage (D:7)
  2 centaurs
  5 elf zombies (Ossuary)
  A big kobold (D:6)
  3 bullfrogs
  A water moccasin zombie (D:7)
  2 wyvern skeletons
  2 scorpions (D:4)
  Dowan (D:6)
  4 crimson imps
  2 hounds
  A quasit (D:6)
  4 centaur zombies (Ossuary)
  3 human zombies (Ossuary)
  2 jellies
  2 orc priests
  13 orc wizards
  2 bullfrog skeletons
  Ijyb (D:5)
  Jessica (D:2)
  2 iguanas (D:8)
  5 worker ants
  A hound zombie (D:6)
  3 mummies (Ossuary)
  7 adders
  3 shadow imps
  An adder skeleton (D:4)
  A worm (D:3)
  9 leopard geckos
  25 orcs
  4 giant cockroaches
  7 goblins
  6 hobgoblins
  2 jackals (D:6)
  4 quokkas
  A ball python (D:1)
  7 bats
  2 frilled lizards
  A giant cockroach zombie (D:5)
  A jackal zombie (D:5)
  14 kobolds
  A leopard gecko zombie (D:6)
  6 rats
180 creatures vanquished.

Notes
Turn   | Place    | Note
-------+----------+-------------------------------------------
     0 | D:1      | roke1 the Halfling Gladiator began the quest for the Orb.
     0 | D:1      | Reached XP level 1. HP: 14/14 MP: 1/1
   154 | D:1      | Reached XP level 2. HP: 13/19 MP: 2/2
   708 | D:2      | Reached XP level 3. HP: 24/24 MP: 3/3
   740 | D:2      | Reached skill level 1 in Armour
   967 | D:2      | Gained mutation: You have sharp fingernails. [potion of
                  | mutation]
  1063 | D:2      | Found a glowing silver altar of Zin.
  1241 | D:2      | Found an ornate altar of the Wu Jian Council.
  1242 | D:2      | Noticed Jessica
  1258 | D:2      | Reached XP level 4. HP: 21/30 MP: 4/4
  1268 | D:2      | Killed Jessica
  1947 | D:2      | Reached skill level 4 in Long Blades
  2005 | D:3      | Found a burning altar of Makhleb.
  2008 | D:3      | Reached XP level 5. HP: 35/35 MP: 5/5
  2532 | D:3      | Reached XP level 6. HP: 41/41 MP: 6/6
  2572 | D:3      | Found a sacrificial altar of Ru.
  2572 | D:3      | Found a white marble altar of Elyvilon.
  2991 | D:4      | Noticed an eye of draining
  3053 | D:4      | Found a staircase to the Ecumenical Temple.
  3070 | Temple   | Entered the Ecumenical Temple
  3207 | D:3      | Reached skill level 5 in Long Blades
  3207 | D:3      | Reached XP level 7. HP: 18/46 MP: 7/7
  4028 | D:4      | Found an opulent altar of Gozag.
  4099 | D:4      | Found a bloodstained altar of Trog.
  4119 | D:4      | Reached skill level 5 in Dodging
  4288 | D:4      | Reached XP level 8. HP: 41/54 MP: 8/8
  4402 | D:4      | Found Gozag's Platinum Reserve.
  4437 | D:4      | Found a shadowy altar of Dithmenos.
  4508 | D:4      | Became a worshipper of Dithmenos the Shadowed
  4545 | D:5      | Entered Level 5 of the Dungeon
  4569 | D:5      | Noticed Ijyb
  4592 | D:5      | Killed Ijyb
  4592 | D:5      | Reached skill level 6 in Long Blades
  4973 | D:5      | Noticed Prince Ribbit
  5001 | D:5      | Killed Prince Ribbit
  5350 | D:5      | Noticed Edmund
  5363 | D:5      | Killed Edmund
  5363 | D:5      | Reached skill level 7 in Long Blades
  5545 | D:5      | Found a shattered altar of Ashenzari.
  5563 | D:5      | Reached XP level 9. HP: 58/59 MP: 9/9
  5637 | D:5      | Found a burning altar of Makhleb.
  5638 | D:5      | Found a shimmering altar of Xom.
  6021 | D:6      | Found a shattered altar of Ashenzari.
  6030 | D:6      | Noticed Dowan
  6069 | D:6      | Killed Dowan
  6069 | D:6      | Reached skill level 5 in Armour
  6174 | D:6      | Reached skill level 5 in Fighting
  6403 | D:6      | Found a basalt altar of Yredelemnul.
  6504 | D:6      | Reached skill level 8 in Long Blades
  6571 | D:6      | Reached * piety under Dithmenos
  6758 | D:6      | Noticed Duvessa
  7244 | D:6      | Killed Duvessa
  7904 | D:7      | Reached XP level 10. HP: 57/67 MP: 10/10
  8062 | D:7      | Noticed Joseph
  8097 | D:7      | Killed Joseph
  8097 | D:7      | Reached skill level 9 in Long Blades
  8117 | D:7      | Found an iron altar of Okawaru.
  8299 | D:8      | Found a sand-covered staircase.
  8313 | D:8      | Found an iron altar of Okawaru.
  8330 | Ossuary  | Entered an ossuary
  8412 | Ossuary  | Reached skill level 1 in Slings
  8613 | Ossuary  | Reached ** piety under Dithmenos
  9113 | D:8      | Found a shimmering altar of Xom.
  9128 | D:8      | Found a blossoming altar of Fedhas.
  9535 | D:8      | Noticed a komodo dragon
  9571 | D:8      | Slain by a komodo dragon

Illustrated notes

Levels and vault maps discovered:
D:1:      psy_arrival_dodecagon, layout_basic
D:2:      layout_rooms, nicolae_overflow_crystal_walls, zin_treasury,
          uniq_jessica
D:3:      layout_loops_cross, gammafunk_temple_overflow_elements, first_ration,
          dk_noncrumbling_3, nrook_mini_vaults, makhleb_blood_cavern_becter
D:4:      layout_cave_pools, kennysheep_mini_moat,
          nicolae_gozag_zags_fifth_avenue, trog_eyes_of_draining,
          minmay_temple_entry_tees, chequers_serial_rivers_micro_e
D:5:      layout_loops_cross, grunt_temple_overflow_champion_of_chaos,
          cheibrodos_ashenzari_chains, uniq_ijyb, uniq_edmund,
          uniq_prince_ribbit1
D:6:      layout_basic, old_standard_altar, marbit_many_paths, serial_curves,
          eino_curves_01, eino_curves_04, eino_curves_04, eino_curves_04,
          uniq_duvessa
D:7:      layout_gridville, basic_altar, uniq_joseph
D:8:      layout_cave_pools, fedhas_altar_2, okawaru_metal_pillars_3,
          erik_lair_dragon, basic_altar, enter_ossuary_5
Temple:   corrupted_temple

Skill      XL: |  1  2  3  4  5  6  7  8  9 10 |
---------------+-------------------------------+-----
Fighting       | 2 3 4 5 6 |  6.3
Armour         | 1 2 3 4 6 |  6.4
Long Blades    | 4 5 7 8 9 |  9.7
Dodging        | 4 5 6 7 8 |  8.0
Slings         | 3 |  3.3
Throwing       | |  2.0

Action                   |  1- 3 |  4- 6 |  7- 9 | 10-12 || total
-------------------------+-------+-------+-------+-------++-------
Melee: Long sword        |    87 |   141 |   405 |   299 ||   932
Evoke: Wand              |       |     2 |    14 |     3 ||    19
  Use: Potion            |     3 |       |       |       ||     3
       Scroll            |       |     7 |     4 |       ||    11
 Stab: Sleeping          |     1 |       |       |     2 ||     3
  Eat: Chunk             |     1 |     7 |    11 |     6 ||    25
       Ration            |       |       |     1 |       ||     1
Armor: Leather armour    |    16 |    36 |    70 |    32 ||   154
Dodge: Dodged            |    80 |   130 |   266 |   171 ||   647
Block: Other             |       |       |    66 |    45 ||   111
       Reflection        |       |       |     2 |       ||     2
       Rpst.: Long sword |    25 |    37 |    80 |    45 ||   187
